 Dungeon Crawl Stone Soup version 0.27-a0-1193-g8631133539 (webtiles) character file.

Game seed: 10844735295719421536

73854 ahrsahrtis the Fencer (level 15, -9/143 HPs)
             Began as a Minotaur Berserker on May 24, 2021.
             Was the Champion of Trog.
             Mangled by a spriggan rider
             ... wielding a +0 spear
              (14 damage)
             ... on level 1 of the Swamp on May 25, 2021.
             The game lasted 01:39:28 (22892 turns).

ahrsahrtis the Fencer (Minotaur Berserker)         Turns: 22892, Time: 01:39:29

Health: -9/143     AC: 17    Str: 26    XL:     15   Next: 5%
Magic:  14/14      EV: 13    Int:  6    God:    Trog [******]
Gold:   2966       SH:  9    Dex: 12    Spells: 14/14 levels left

rFire    + . .     SeeInvis +   N - +5 long sword of Generosity {flame, Int+2 SInv}
rCold    . . .     Faith    .   n - +3 buckler {AC+3}
rNeg     + . .     Spirit   .   V - +6 ring mail "Acerov" {rF+}
rPois    .         Reflect  .   (helmet restricted)
rElec    .         Harm     .   o - +2 cloak
rCorr    .         Rampage  .   M - +2 pair of gloves
Will     ++...                  g - +2 pair of boots {Stlth+}
Stlth    ++........             O - amulet of regeneration
HPRegen  1.33/turn              Y - ring of positive energy
MPRegen  0.14/turn              D - ring of willpower

@: corroded, on berserk cooldown, slowed, very slow
A: horns 2, retaliatory headbutt, iridescent scales 1
a: Renounce Religion, Berserk, Trog's Hand, Brothers in Arms


You were on level 1 of the Swamp.
You worshipped Trog.
Trog was exalted by your worship.
You visited 4 branches of the dungeon, and saw 23 of its levels.
You also visited: Bailey.

You collected 4716 gold pieces.
You spent 1750 gold pieces at shops.

Inventory:

Hand Weapons
 a - the +0 triple sword of Vodka {holy, *Noise Str+4 Int+3}
   (You acquired it on level 4 of the Dungeon)

   It has been blessed by the Shining One to cause great damage to the undead
   and demons.
   It affects your strength (+4).
   It affects your intelligence (+3).
   It may make noises in combat.
 p - the +6 great sword of Duty {flame, Drain Int+3 Dex+3}
   (You bought it in a shop on level 2 of the Orcish Mines)

   It has been specially enchanted to burn those struck by it, causing extra
   injury to most foes and up to half again as much damage against particularly
   susceptible opponents.
   Big, fiery blades are also staple armaments of hydra-hunters.
   It affects your intelligence (+3).
   It affects your dexterity (+3).
   It drains your maximum health when unequipped.
 N - the +5 long sword of Generosity (weapon) {flame, Int+2 SInv}
   (You found it on level 7 of the Dungeon)

   It has been specially enchanted to burn those struck by it, causing extra
   injury to most foes and up to half again as much damage against particularly
   susceptible opponents.
   Big, fiery blades are also staple armaments of hydra-hunters.
   It affects your intelligence (+2).
   It lets you see invisible.
Missiles
 i - 2 boomerangs of dispersal
Armour
 g - a +2 pair of boots of stealth (worn)
 n - a +3 buckler of protection (worn)
 o - a +2 cloak (worn)
 M - a +2 pair of gloves (worn)
 V - the +6 ring mail "Acerov" (worn) {rF+}
   (You found it on level 3 of the Lair of Beasts)

   It protects you from fire.
 Z - a +2 ring mail of positive energy
Jewellery
 D - a ring of willpower (right hand)
 G - an amulet of reflection
 O - an amulet of regeneration (around neck)
 W - a ring of protection from cold
 Y - a ring of positive energy (left hand)
Wands
 f - a wand of paralysis (3)
 t - a wand of digging (5)
 F - a wand of iceblast (11)
 I - a wand of flame (21)
 J - a wand of charming (7)
 S - a wand of polymorph (7)
 X - a wand of mindburst (52)
Scrolls
 d - a scroll of silence
 m - 6 scrolls of teleportation
 q - a scroll of holy word
 v - 6 scrolls of enchant armour
 w - 2 scrolls of immolation
 y - 7 scrolls of magic mapping
 A - 3 scrolls of blinking
 P - 2 scrolls of fog
 Q - a scroll of fear
 R - a scroll of summoning
 T - a scroll of torment
Potions
 c - 5 potions of attraction
 e - 8 potions of magic
 h - 3 potions of ambrosia
 j - 3 potions of resistance
 k - 4 potions of mutation
 l - 10 potions of curing
 r - 3 potions of cancellation
 u - 6 potions of heal wounds
 x - a potion of flight
 z - 6 potions of haste
 B - a potion of invisibility
 E - a potion of berserk rage {unknown}
 K - 3 potions of might
 U - 2 potions of lignification
Miscellaneous
 b - a lightning rod (4/4)
 H - a condenser vane


   Skills:
 + Level 15.8 Fighting
 * Level 17.3 Long Blades
 + Level 13.0 Armour
 - Level 5.0 Dodging
 - Level 8.4 Shields
 + Level 10.8 Evocations


You had 14 spell levels left.
You didn't know any spells.
Your spell library was empty.

Dungeon Overview and Level Annotations

Branches:
Dungeon (14/15)            Temple (0/1) D:6            Lair (6/6) D:10
  Swamp (1/4) Lair:4        Snake (0/4) Lair:2        Slime (0/5) Lair:6
    Orc (2/2) D:12            Elf (0/3) Orc:2        Vaults (0/5) D:14
 Bailey (visited)

Altars:
Ashenzari
Fedhas
Gozag
Makhleb
Okawaru
Ru
Uskayaw
Vehumet
Wu Jian
Xom
Yredelemnul
Zin
The Shining One
Beogh
Jiyva
Lugonu

Shops:
D:4 *   D:6 !(   Orc:2 *[!(

Annotations:
D:6 1 runed translucent door, PewDiePie's ghost, novice MiBe
D:8 2 transporters, zarzak's ghost, novice DgFi
D:14 Nessos; Urug
Lair:2 exclusion: oklob plant
Lair:5 2 transporters


Innate Abilities, Weirdness & Mutations

You have a pair of horns on your head.
You reflexively headbutt those who attack you in melee.
You are partially covered in iridescent scales. (AC +2)


Message History

You barely miss the goliath frog. Your headbutt misses the goliath frog.
The goliath frog is severely wounded.
You block the goliath frog's attack.
The goliath frog hits you but does no damage.
The spriggan rider hits you but does no damage.
You slash the goliath frog! You burn the goliath frog.
You feel the power of Trog in you as your rage grows.
You kill the goliath frog!
Trog accepts your kill.
The spriggan rider hits you from afar with a +0 spear.
The goliath frog misses you.
A tyrant leech comes into view.
You slice the goliath frog!! You burn the goliath frog.
Your headbutt misses the goliath frog.
The goliath frog is severely wounded.
You block the spriggan rider's attack.
You slash the goliath frog! You burn the goliath frog.
You kill the goliath frog!
Trog accepts your kill.
The spriggan rider hits you but does no damage.
The spriggan rider hits you with a +0 spear!
The spriggan rider barely misses you.
You block the spriggan rider's attack. x2
You miss the spriggan rider.
The spriggan rider hits you with a +0 spear!
* * * LOW HITPOINT WARNING * * *
Your unstable footing causes you to fumble your attack.
The spriggan rider hits you with a +0 spear!
* * * LOW HITPOINT WARNING * * *
You block the spriggan rider's attack. x3
The spriggan rider hits you from afar with a +0 spear!
* * * LOW HITPOINT WARNING * * *
You feel a strong urge to attack something.
You are no longer berserk.
You are exhausted.
You feel yourself slow down.
The spriggan rider hits you from afar with a +0 spear!
* * * LOW HITPOINT WARNING * * *
There is a staircase back to the Lair, spattered with blood here.
The spriggan rider hits you from afar with a +0 spear!
You die...

♣♣♣♣♣♣♣♣♣♣♣♣
≈..........♣♣♣♣♣♣
.≈≈§≈≈§@≈w.......
.≈≈≈≈§≈.≈i≈≈≈≈...
...≈≈≈≈≈ii§≈≈≈≈≈.
...≈≈≈≈≈≈≈≈≈≈≈≈≈≈
♣♣≈..≈≈†≈...≈≈≈≈≈
...♣≈≈....♣♣...≈≈
..♣♣♣♣♣≈...♣♣♣.≈≈
.♣ ..≈≈≈.. ≈≈
≈..≈≈≈≈.≈ ≈


You could see a tyrant leech and 3 spriggan riders.

Vanquished Creatures
  An orc warlord (Orc:2)
  9 hydras
  Fannar (Lair:1)
  2 boulder beetles
  A merfolk avatar (Lair:6)
  The ghost of krigyl the Frost Mage, a journeyman HuWn of Lugonu (D:10)
  4 centaur warriors (D:13)
  2 two-headed ogres (D:11)
  4 death yaks (Lair:6)
  A fire crab (Lair:4)
  2 goliath frogs (Swamp:1)
  A harpy (shapeshifter) (D:13)
  A harpy (Lair:6)
  2 orc knights
  2 deep elf pyromancers
  2 orc sorcerers
  3 cyclopes
  4 ugly things
  Maurice (Orc:1)
  4 manticores
  3 black mambas
  10 elephants (Lair:6)
  3 orange demons (D:12)
  3 gargoyles
  An unseen horror (D:7)
  Maggie (D:7)
  6 kobold demonologists
  16 cane toads
  3 rime drakes
  14 komodo dragons
  5 trolls
  6 polar bears
  A wind drake (Lair:6)
  3 slime creatures
  A tyrant leech (Swamp:1)
  13 blink frogs
  4 wyverns
  A vampire (D:12)
  2 shadows
  36 yaks
  A wraith (D:10)
  Eustachio (D:4)
  2 basilisks (Lair:3)
  A steam dragon (Lair:5)
  6 vampire mosquitoes (D:11)
  4 swamp worms (Lair:4)
  4 nagas (Lair:2)
  6 wargs
  An acid dragon (D:10)
  Duvessa (D:4)
  19 water moccasins
  25 orc warriors
  4 black bears
  A sky beast (D:7)
  8 ogres
  6 wolves
  7 centaurs
  8 kobold brigands
  14 bullfrogs
  2 gnoll sergeants
  Dowan (D:4)
  6 scorpions
  A water moccasin skeleton (D:6)
  2 small abominations (D:7)
  8 killer bees
  15 wights
  A howler monkey (D:5)
  An electric eel (D:9)
  A crimson imp (D:7)
  4 centaur zombies
  A bullfrog zombie (D:6)
  22 orc priests
  3 hounds
  Ijyb (D:3)
  2 iguanas
  29 orc wizards
  A centaur simulacrum (D:9)
  Robin (D:2)
  A howler monkey zombie (D:8)
  7 adders
  31 gnolls
  A shadow imp (D:7)
  A white imp (D:7)
  An ufetubus (D:6)
  2 worms (D:3)
  A dart slug (D:1)
  105 orcs
  10 ball pythons
  5 bats
  2 endoplasms
  7 giant cockroaches
  16 goblins
  20 hobgoblins
  18 jackals
  2 quokkas (D:2)
  A frilled lizard (D:1)
  47 kobolds
  5 rats
  A butterfly (Lair:2)
685 creatures vanquished.

Vanquished Creatures (collateral kills)
  A fire dragon (D:10)
  A wizard (D:10)
  An orc knight (D:10)
  A deep elf zephyrmancer (D:10)
  An ugly thing (D:7)
  2 komodo dragons (Lair:6)
  A troll (D:10)
  A tarantella (shapeshifter) (D:10)
  A basilisk (D:10)
  3 small abominations (D:7)
13 creatures vanquished.

Vanquished Creatures (others)
  An ugly thing (D:13)
  An unseen horror (D:13)
  27 fungi
  52 plants
81 creatures vanquished.

Grand Total: 779 creatures vanquished

Notes
Turn   | Place    | Note
-------+----------+-------------------------------------------
     0 | D:1      | ahrsahrtis the Minotaur Berserker began the quest for the
                  | Orb.
     0 | D:1      | Reached XP level 1. HP: 19/19 MP: 0/0
   157 | D:1      | Reached XP level 2. HP: 22/27 MP: 1/1
   593 | D:1      | Reached skill level 4 in Long Blades
   981 | D:2      | Reached ** piety under Trog
   986 | D:2      | Reached XP level 3. HP: 32/33 MP: 2/2
  1138 | D:2      | Found a broken altar of Ashenzari.
  1434 | D:2      | Reached XP level 4. HP: 41/41 MP: 3/3
  1468 | D:2      | Noticed Robin
  1485 | D:2      | Killed Robin
  1623 | D:2      | Reached *** piety under Trog
  2044 | D:3      | Noticed Ijyb
  2045 | D:3      | Paralysed by Ijyb for 2 turns
  2058 | D:3      | Killed Ijyb
  2059 | D:3      | Reached XP level 5. HP: 47/47 MP: 4/4
  2097 | D:3      | Reached skill level 5 in Long Blades
  2218 | D:3      | Reached skill level 5 in Fighting
  2298 | D:3      | Found a glowing golden altar of the Shining One.
  2729 | D:4      | Reached XP level 6. HP: 56/56 MP: 5/5
  2773 | D:4      | Noticed Eustachio
  2790 | D:4      | Killed Eustachio
  2811 | D:4      | Found Neiphe's Assorted Antiques.
  2821 | D:4      | Reached skill level 6 in Long Blades
  2849 | D:4      | Bought a green potion for 18 gold pieces
  2849 | D:4      | Bought a scroll labelled ISHRENK XOSU for 20 gold pieces
  2849 | D:4      | Bought a scroll labelled HOTAFI WEUDI for 20 gold pieces
  2849 | D:4      | Bought an orange potion for 18 gold pieces
  2849 | D:4      | Bought 2 scrolls labelled CEHECO DOGRAI for 40 gold pieces
  2878 | D:4      | Noticed Duvessa
  2878 | D:4      | Noticed Dowan
  2887 | D:4      | Killed Duvessa
  2887 | D:4      | Reached **** piety under Trog
  2888 | D:4      | Reached XP level 7. HP: 52/63 MP: 6/6
  2892 | D:4      | Killed Dowan
  3397 | D:4      | Reached skill level 7 in Long Blades
  3397 | D:4      | Reached skill level 5 in Armour
  3780 | D:4      | Found a blossoming altar of Fedhas.
  3823 | D:5      | Entered Level 5 of the Dungeon
  3833 | D:5      | Reached XP level 8. HP: 67/73 MP: 7/7
  4057 | D:5      | Identified 3 scrolls of acquirement
  4348 | D:4      | Acquired the +0 triple sword of Vodka {holy, *Noise Str+4
                  | Int+3}
  4360 | D:4      | Acquired a +2 buckler of protection
  4362 | D:4      | Acquired a ring of fire
  4552 | D:5      | Found a broken altar of Ashenzari.
  4596 | D:5      | Reached skill level 5 in Dodging
  5109 | D:6      | Reached skill level 8 in Long Blades
  5220 | D:6      | Reached skill level 1 in Evocations
  5621 | D:6      | Found a runed translucent door.
  5626 | D:6      | Reached XP level 9. HP: 82/82 MP: 8/8
  5629 | D:6      | Noticed PewDiePie's ghost (novice MiBe)
  5680 | D:6      | Found a staircase to the Ecumenical Temple.
  5788 | D:6      | Found Xizoonek's Distillery.
  5804 | D:6      | Bought a potion of invisibility for 96 gold pieces
  6168 | D:7      | Noticed a kobold demonologist
  6175 | D:7      | Noticed a sixfirhy
  6175 | D:7      | Killed a kobold demonologist
  6176 | D:7      | Reached skill level 9 in Long Blades
  6176 | D:7      | Noticed a kobold demonologist
  6178 | D:7      | Noticed an ice devil
  6192 | D:7      | Noticed a soul eater
  6192 | D:7      | Killed a kobold demonologist
  6192 | D:7      | Reached ***** piety under Trog
  6420 | D:6      | Found Xygunkoole's Antique Weapon Shoppe.
  6635 | D:7      | Found an opulent altar of Gozag.
  6683 | D:7      | Noticed Maggie
  6694 | D:7      | Killed Maggie
  6695 | D:7      | Reached skill level 10 in Fighting
  6883 | D:7      | Found a transporter.
  6883 | D:7      | Found a corrupted altar of Lugonu.
  6884 | D:7      | Noticed a red ugly thing
  6885 | D:7      | Noticed a brown ugly thing
  6885 | D:7      | Noticed a green ugly thing
  6885 | D:7      | Noticed a brown ugly thing
  6945 | D:7      | Reached skill level 10 in Long Blades
  7074 | D:7      | Found a radiant altar of Vehumet.
  7075 | D:7      | Found a burning altar of Makhleb.
  7456 | D:7      | Found a transporter.
  7568 | D:7      | Found a shimmering altar of Xom.
  7568 | D:7      | Found a basalt altar of Yredelemnul.
  7576 | D:7      | Found an ornate altar of the Wu Jian Council.
  7578 | D:7      | Found an iron altar of Okawaru.
  7580 | D:7      | Found a hide-covered altar of Uskayaw.
  7761 | D:7      | Reached XP level 10. HP: 84/84 MP: 9/9
  7765 | D:7      | Killed a brown ugly thing
  7768 | D:7      | Killed a brown ugly thing
  8117 | D:7      | Killed a brown ugly thing
  8120 | D:7      | Killed a white ugly thing
  8140 | D:7      | Identified the +5 long sword of Generosity {flame, Int+2
                  | SInv}
  8432 | D:8      | Noticed zarzak's ghost (novice DgFi)
  8569 | D:8      | Found a transporter.
  8572 | D:8      | Found a transporter.
  8684 | D:8      | Found a glowing silver altar of Zin.
  8695 | D:8      | Reached skill level 11 in Long Blades
  8696 | D:8      | Reached skill level 5 in Evocations
  9315 | D:8      | Found a sacrificial altar of Ru.
  9425 | D:9      | Reached skill level 10 in Armour
  9518 | D:9      | Received a gift from Trog
 10009 | D:9      | Reached XP level 11. HP: 102/102 MP: 10/10
 10456 | D:10     | Entered Level 10 of the Dungeon
 10510 | D:10     | Noticed a fire dragon
 10520 | D:10     | Killed a fire dragon
 10523 | D:10     | Noticed an orc knight
 10523 | D:10     | Noticed a boulder beetle
 10527 | D:10     | Noticed a wizard
 10531 | D:10     | Found a staircase to the Lair.
 10535 | D:10     | Killed an orc knight
 10538 | D:10     | Killed a wizard
 10538 | D:10     | Noticed a deep elf zephyrmancer
 10538 | D:10     | Killed a deep elf zephyrmancer
 10560 | D:10     | Killed a boulder beetle
 10637 | D:10     | Noticed a deep elf pyromancer
 10647 | D:10     | Killed a deep elf pyromancer
 10654 | D:10     | Identified the Grimoire of Glacial Dark Rituals
 10679 | D:10     | Identified the Volume of Dislocated Envenoming
 10913 | D:10     | Found a runed translucent door.
 10913 | D:10     | Noticed krigyl's ghost (journeyman HuWn)
 10940 | D:10     | Killed krigyl's ghost
 10941 | D:10     | Reached skill level 12 in Long Blades
 11394 | D:10     | Identified the +4 long sword "Qats" {pain, *Slow rN+ Int+2}
 11474 | Lair:1   | Entered Level 1 of the Lair of Beasts
 11507 | Lair:1   | Noticed Fannar
 11513 | D:10     | Noticed an orc sorcerer
 11523 | D:10     | Killed an orc sorcerer
 11648 | Lair:1   | Killed Fannar
 11687 | Lair:1   | Reached XP level 12. HP: 93/113 MP: 11/11
 12678 | Lair:2   | Noticed an eight-headed hydra
 12683 | Lair:2   | Reached skill level 13 in Long Blades
 12727 | Lair:1   | Acquired 1164 gold pieces
 12728 | Lair:1   | Acquired 426 gold pieces
 12764 | Lair:2   | Killed a six-headed hydra
 13116 | Lair:2   | Found a staircase to the Snake Pit.
 13497 | Lair:2   | Upgraded the game from 0.27-a0-1191-g601b473118 to
                  | 0.27-a0-1193-g8631133539
 13535 | Lair:3   | Identified the +6 ring mail "Acerov" {rF+}
 13953 | Lair:3   | Noticed a seven-headed hydra
 13967 | Lair:3   | Killed a four-headed hydra
 14003 | Lair:3   | Received a gift from Trog
 14622 | Lair:4   | Reached XP level 13. HP: 123/123 MP: 12/12
 14954 | Lair:4   | Reached skill level 1 in Shields
 14960 | Lair:4   | Reached skill level 14 in Long Blades
 15035 | Lair:4   | Found a staircase to the Swamp.
 15466 | Lair:5   | Found a transporter.
 16007 | Lair:5   | Found a transporter.
 16398 | Lair:6   | Entered Level 6 of the Lair of Beasts
 16663 | Lair:6   | Reached skill level 15 in Long Blades
 16777 | Lair:6   | Reached skill level 5 in Shields
 16832 | Lair:6   | Gained mutation: You are partially covered in iridescent
                  | scales. (AC +2) [potion of mutation]
 16849 | Lair:6   | Received a gift from Trog
 16925 | Lair:6   | Found a staircase to the Slime Pits.
 16926 | Lair:6   | Found a viscous altar of Jiyva.
 16991 | Lair:6   | Found an opulent altar of Gozag.
 17082 | Lair:6   | Reached XP level 14. HP: 133/133 MP: 13/13
 17305 | Lair:6   | Reached skill level 10 in Evocations
 17334 | Lair:6   | Identified the +10 glaive of Eternity {elec, Will++ Dex-3}
 17810 | Lair:6   | Reached skill level 15 in Fighting
 18110 | D:11     | Reached skill level 16 in Long Blades
 19270 | D:12     | Found a staircase to the Orcish Mines.
 19893 | Orc:1    | Entered Level 1 of the Orcish Mines
 19893 | Orc:1    | Noticed Maurice
 19906 | Orc:1    | Killed Maurice
 19906 | Orc:1    | Received a gift from Trog
 20230 | D:13     | Found a flagged portal.
 20247 | Bailey   | Entered a bailey
 20661 | D:13     | Acquired 902 gold pieces
 20743 | D:13     | Reached skill level 17 in Long Blades
 21114 | D:14     | Found a gate to the Vaults.
 21114 | D:14     | Noticed Nessos
 21114 | D:14     | Noticed Urug
 21211 | Orc:1    | Reached ****** piety under Trog
 21285 | Orc:1    | Received a gift from Trog
 21574 | Orc:2    | Entered Level 2 of the Orcish Mines
 21804 | Orc:2    | Found a staircase to the Elven Halls.
 21911 | Orc:2    | Found Poirecs's Assorted Antiques.
 21977 | Orc:2    | Noticed an orc warlord
 22017 | Orc:2    | Killed an orc warlord
 22056 | Orc:2    | Found Xojoabol's Antique Armour Boutique.
 22058 | Orc:2    | Found Sut Ifra's Antique Weapon Shop.
 22084 | Orc:2    | Bought a twisted great sword for 391 gold pieces
 22084 | Orc:2    | Identified the +6 great sword of Duty {flame, Drain Int+3
                  | Dex+3} (You bought it in a shop on level 2 of the Orcish
                  | Mines)
 22084 | Orc:2    | Bought an ancient great sword for 391 gold pieces
 22084 | Orc:2    | Identified the +6 great sword of Imbalance {vorpal, Stlth+}
                  | (You bought it in a shop on level 2 of the Orcish Mines)
 22141 | Orc:2    | Found Ekidi's Distillery.
 22146 | Orc:2    | Reached XP level 15. HP: 143/143 MP: 14/14
 22170 | Orc:2    | Bought a potion of haste for 140 gold pieces
 22170 | Orc:2    | Bought a potion of resistance for 140 gold pieces
 22170 | Orc:2    | Bought a potion of haste for 140 gold pieces
 22170 | Orc:2    | Bought a potion of haste for 140 gold pieces
 22170 | Orc:2    | Bought a potion of haste for 140 gold pieces
 22170 | Orc:2    | Bought a potion of might for 56 gold pieces
 22861 | Swamp:1  | Entered Level 1 of the Swamp
 22891 | Swamp:1  | HP: 3/143 [spriggan rider/+0 spear (17)]
 22892 | Swamp:1  | Mangled by a spriggan rider

Illustrated notes

Levels and vault maps discovered:
D:1:      erik_arrival_cave_to_civilisation [erik_arrival_cave_to_hall],
          layout_basic, serial_curves, eino_curves_04, eino_curves_04,
          eino_curves_01, eino_curves_04
D:2:      layout_basic, basic_altar, uniq_robin
D:3:      layout_loops_cross, lemuel_doored_altar, minmay_misc_feat_enclosed,
          kennysheep_generic_room_15, uniq_ijyb
D:4:      layout_rooms, nicolae_overflow_hidden_temple, serial_shops, shop,
          uniq_duvessa, uniq_eustachio
D:5:      layout_rooms, evilmike_ruin_ashenzari, kennysheep_generic_room_10
D:6:      layout_cave_pools, minmay_temple_entry_offerings,
          hellmonk_ghost_happy_afterlife, serial_shops,
          nicolae_shop_overgrown_old_shop, nicolae_shop_window_shopping
D:7:      gammafunk_corrupted_shrine, layout_basic,
          grunt_temple_overflow_lords_of_destruction,
          chequers_temple_overflow_minitemple, old_standard_altar, uniq_maggie
D:8:      layout_basic, lemuel_tele_altar, nicolae_ru_path_of_blood,
          gammafunk_ghost_hive
D:9:      minmay_curly_fans, layout_loops_ring, serial_bayou_ford_a,
          corexii_checkpoint_a, kennysheep_decorative_pillar, kennysheep_donut
D:10:     layout_basic, lair_entry_dummy, gammafunk_ghost_grave,
          minmay_the_grid_2x2 [minmay_the_grid_zigzag_pyramid,
          minmay_the_grid_tri_star, minmay_the_grid_dragon_a,
          minmay_the_grid_prize_four_corners_diamond_b]
D:11:     layout_loops_ring, minmay_crystal_water
D:12:     layout_long_grid, david_orc_4, einodemon_barbed_minivault
D:13:     layout_loops_ring, lightli_bailey_entry_fortress
D:14:     layout_roguey, david_vaults_3, serial_shops, nicolae_shop_statue_plus,
          shop, tso_altar, uniq_jorgrun
Lair:1:   layout_cave_shapes, st_stairs_3, uniq_fannar
Lair:2:   layout_small_grid, minmay_snake_entry_guardpost_medium,
          minmay_lair_oklob_chamber, lemuel_fruit_fields, grunt_megastairs_4,
          lemuel_fruit_tree
Lair:3:   layout_cave_pods, small_statue_intersection, grunt_megastairs_1
Lair:4:   layout_long_grid, palyth_hydra_swamp_entry
Lair:5:   gammafunk_cloud_chamber, layout_small_grid
Lair:6:   gammafunk_lair_ancient_temple, layout_long_grid, slime_altar_1,
          basic_altar, chequers_serial_rivers_large_a
Swamp:1:  gammafunk_worm_tunnel, layout_basic_swamp,
          nicolae_swamp_trees_clearing, swamp_pool1, infiniplex_staircase_pool
Orc:1:    layout_caves, uniq_maurice
Orc:2:    grunt_orc_community_town_hall, layout_caves,
          grunt_orc_community_big_house_1, grunt_orc_community_big_house_2,
          grunt_orc_community_house_2, grunt_orc_community_house_1,
          grunt_orc_community_house_3, grunt_orc_community_house_3

Skill      XL: |  1  2  3  4  5  6  7  8  9 10 11 12 13 14 |
---------------+-------------------------------------------+-----
Long Blades    | 4 5 6 7 8 10 11 12 13 15 17 | 17.3
Fighting       | 4 5 6 7 8 10 11 12 13 14 15 | 15.8
Armour         | 3 4 5 6 8 10 11 12 13 | 13.0
Dodging        | 3 4 5 |  5.0
Evocations     | 1 3 5 7 8 9 10 | 10.8
Shields        | 5 8 |  8.4

Action                   |  1- 3 |  4- 6 |  7- 9 | 10-12 | 13-15 || total
-------------------------+-------+-------+-------+-------+-------++-------
Melee: Falchion          |    63 |       |       |       |       ||    63
       Headbutt          |     9 |    21 |    49 |   100 |   243 ||   422
       Long sword        |     7 |   126 |    68 |   161 |   994 ||  1356
       Triple sword      |       |       |   139 |   265 |       ||   404
Invok: Berserk           |     1 |     5 |     8 |    18 |     7 ||    39
       Trog's Hand       |       |     1 |     2 |     2 |     1 ||     6
       Brothers in Arms  |       |       |     1 |     3 |     1 ||     5
Evoke: Wand              |       |       |       |       |     5 ||     5
  Use: Scroll            |       |       |     7 |    16 |    15 ||    38
       Potion            |       |       |     1 |     1 |     3 ||     5
 Stab: Sleeping          |       |       |       |       |     3 ||     3
       Distracted        |       |       |       |       |     1 ||     1
Armor: Animal skin       |     3 |       |       |       |       ||     3
       Leather armour    |    27 |    10 |       |       |       ||    37
       Ring mail         |       |    34 |    36 |    30 |   434 ||   534
       Plate armour      |       |       |   112 |   262 |       ||   374
       Skin              |       |       |       |    15 |       ||    15
Dodge: Dodged            |    48 |    71 |   134 |   233 |   523 ||  1009
Block: Buckler           |       |       |       |    33 |   354 ||   387
       Rpst.: Falchion   |    15 |       |       |       |       ||    15
       Long sword        |       |    15 |     9 |    18 |   110 ||   152
       Triple sword      |       |       |    20 |    35 |       ||    55

Table legend: (Time is in decaauts)
 A = Elapsed time spent in this place.
 B = Non-inter-level travel time spent in this place.
 C = Inter-level travel time spent in this place.
 D = Time resting spent in this place.
 E = Time spent auto-exploring this place.
 F = Levels seen in this place.
 G = Mean time per level.
                   A        B        C        D        E       F      G
               +--------+--------+--------+--------+--------+-----+--------+
         Total |  23180 |  21841 |   1339 |   1877 |  15249 |  24 |  965.8 |
       Dungeon |  14920 |  14057 |    863 |   1661 |   9554 |  14 | 1065.7 |
          Lair |   6509 |   6113 |    396 |    190 |   4537 |   6 | 1084.8 |
         Swamp |     23 |     23 |      0 |      0 |      0 |   1 |   23.0 |
  Orcish Mines |   1514 |   1435 |     79 |     25 |   1040 |   2 |  757.0 |
        Bailey |    212 |    212 |      0 |      0 |    117 |   1 |  212.0 |
               +--------+--------+--------+--------+--------+-----+--------+

Top non-repeatable levels by time:
     D:7: 2174 daAuts
     D:4: 1855 daAuts
  Lair:6: 1484 daAuts
    D:10: 1262 daAuts
    D:12: 1259 daAuts
  Lair:2: 1190 daAuts
     D:9: 1107 daAuts
  Lair:4: 1070 daAuts
   Orc:2: 1054 daAuts
     D:5: 1029 daAuts
     D:8: 1015 daAuts
  Lair:5: 1008 daAuts
     D:6: 984 daAuts
     D:1: 981 daAuts
  Lair:3: 926 daAuts
